 Dungeon Crawl Stone Soup version 0.23.1 (webtiles) character file.

Game seed: 4422138899890115435

509 Borgoz the Sneak (level 7, -6/56 HPs)
             Began as a Ghoul Enchanter on Mar 14, 2019.
             Mangled by Blork the orc
             ... wielding a +0 halberd
              (8 damage)
             ... on level 5 of the Dungeon.
             The game lasted 00:10:28 (4190 turns).

Borgoz the Sneak (Ghoul Enchanter)                  Turns: 4190, Time: 00:10:29

Health: -6/56      AC:  7    Str: 10 (12) XL:     7   Next: 19%
Magic:  9/9        EV: 11    Int:  9 (10) God:
Gold:   236        SH:  0    Dex:  9 (11) Spells: 9/10 levels left

rFire    . . .     SeeInvis .   c - +2 dagger (flame)
rCold    + . .     Gourm    .   (no shield)
rNeg     + + +     Faith    .   h - +0 ring mail
rPois    ∞         Spirit   .   (no helmet)
rElec    .         Reflect  .   f - +1 cloak
rCorr    .         Harm     .   (no gloves)
MR       .....                  (no boots)
Stlth    ++........             (no amulet)
HPRegen  0.00/turn              (no ring)
MPRegen  0.11/turn              (no ring)

@: about to teleport, rotting
A: rotting body, claws 1, carnivore, cold resistance 1, negative energy
resistance 3, inhibited regeneration, torment resistance, unbreathing
a: no special abilities


You were on level 5 of the Dungeon.
You were not hungry.

You visited 1 branch of the dungeon, and saw 5 of its levels.
You also visited: Sewer.

You collected 236 gold pieces.

Inventory:

Hand Weapons
 c - a +2 dagger of flaming (weapon)
 n - a +0 dagger of venom
 s - a +0 short sword
Missiles
 p - 19 poisoned needles
Armour
 f - a +1 cloak (worn)
 h - a +0 ring mail (worn)
Wands
 u - a wand of digging (5)
Scrolls
 b - 12 scrolls of identify
 g - a scroll of immolation {unknown}
 i - a scroll of blinking {unknown}
 j - a scroll of teleportation
 k - a scroll of random uselessness {unknown}
 l - 5 scrolls of remove curse {unknown}
 m - 4 scrolls of amnesia {unknown}
 o - a scroll of enchant armour {unknown}
 q - a scroll of magic mapping {unknown}
 r - a scroll of fear
Potions
 v - 2 potions of brilliance
Comestibles
 d - 4 rations


   Skills:
 + Level 2.3 Fighting
 * Level 3.0 Short Blades
 * Level 2.7 Armour
 + Level 2.6 Dodging
 + Level 4.2 Stealth
 + Level 2.4 Spellcasting
 * Level 3.6 Hexes


You had 9 spell levels left.
You knew the following spells:

 Your Spells              Type           Power        Failure   Level  Hunger
a - Corona                Hex            #......      19%         1    ##.....

Your spell library contained the following spells:

 Spells                   Type           Power        Failure   Level  Hunger
 Confuse                  Hex            #.......     47%         3    ####...
 Tukima's Dance           Hex            #.......     47%         3    ####...
 Ensorcelled Hibernation  Hex/Ice        #.....       50%         2    ###....
 Dazzling Spray           Conj/Hex       #.....       75%         3    ####...


Dungeon Overview and Level Annotations

Branches:
Dungeon (5/15)
 Temple: D:4-7

Altars:
Fedhas

Annotations:
D:5 Blork the orc


Innate Abilities, Weirdness & Mutations

Your body is rotting away.
You thrive on raw meat.
You are immune to poison.
You have sharp fingernails.
You are carnivorous and can eat meat at any time.
Your flesh is cold resistant. (rC+)
You are immune to negative energy. (rN+++)
You do not regenerate when monsters are visible.
You are immune to unholy pain and torment.
You can survive without breathing.


Message History

The adder is heavily wounded.
The adder misses you. Something hits you!
You feel better. The adder bites you but does no damage.
Something hits you but does no damage. The adder bites you.
You hit the adder but do no damage.
The adder is heavily wounded.
Something hits you! The adder bites you.
You hit the adder. You burn the adder.
The adder is severely wounded.
Something hits you!
* * * LOW HITPOINT WARNING * * *
The adder closely misses you.
Okay, then.
As you read the scroll of fear, it crumbles to dust.
You assume a fearsome visage.
The adder looks frightened!
Something hits you but does no damage. Something hits you!
* * * LOW HITPOINT WARNING * * *
As you read the scroll of teleportation, it crumbles to dust.
You feel strangely unstable. Something hits you!
You die...

..[÷....# .. #......#..#
........# .##..........
........# ..#.#.##.#.#
.(......# #.#..........
<.......# #.#...##.###.
........# .# #.#....# .. #
........# #.# #....#######.#
........####.#.###{#..........#
###..........#..@..S..........#
#####..#####.###.####...####
#........# #........#
#.######.#######....#
#######..............#.##.#.##
........######................
........######.......[....#.##
..[.....#..........##.#####.#
........#.........###.# #


You could see an adder (fleeing).

Vanquished Creatures
  A necrophage (D:5)
  A quasit (D:5)
  An orc wizard (D:5)
  Natasha (thrice) (D:2)
  Ijyb (D:5)
  4 worker ants
  A hound skeleton (D:4)
  4 adders
  2 oozes (Sewer)
  An adder zombie (D:5)
  4 worms
  2 leopard geckos
  5 orcs
  7 giant cockroaches
  10 goblins
  4 hobgoblins (D:1)
  A quokka (D:3)
  15 bats
  4 frilled lizards
  21 kobolds
  16 rats
108 creatures vanquished.

Notes
Turn   | Place    | Note
-------+----------+-------------------------------------------
     0 | D:1      | Borgoz the Ghoul Enchanter began the quest for the Orb.
     0 | D:1      | Reached XP level 1. HP: 14/14 MP: 2/2
   199 | D:1      | Reached skill level 1 in Short Blades
   414 | D:1      | Reached XP level 2. HP: 20/20 MP: 3/3
   646 | D:2      | Noticed Natasha
   656 | D:2      | Killed Natasha
   656 | D:2      | Reached skill level 1 in Armour
   656 | D:2      | Reached XP level 3. HP: 21/27 MP: 4/4
   714 | D:2      | Noticed Natasha
   729 | D:2      | Reached skill level 1 in Fighting
   729 | D:2      | Reached XP level 4. HP: 27/35 MP: 5/5
   735 | D:2      | Killed Natasha
  1395 | D:3      | Found a blossoming altar of Fedhas.
  1678 | D:3      | Reached XP level 5. HP: 37/40 MP: 7/7
  1974 | D:2      | Noticed Natasha
  1989 | D:2      | HP: 1/40 [Natasha/magic dart (7)]
  1993 | D:2      | Killed Natasha
  2759 | D:3      | Noticed a phantom
  2900 | D:4      | Found a glowing drain.
  3019 | Sewer    | Entered a sewer
  3150 | Sewer    | Reached XP level 6. HP: 48/48 MP: 8/8
  3154 | Sewer    | Reached skill level 4 in Stealth
  3501 | D:5      | Entered Level 5 of the Dungeon
  3508 | D:5      | Noticed Ijyb
  3522 | D:5      | Killed Ijyb
  3611 | D:5      | Noticed a phantom
  3788 | D:5      | Noticed a necrophage
  3849 | D:5      | Killed a necrophage
  3849 | D:5      | Reached XP level 7. HP: 21/55 MP: 9/9
  4169 | D:5      | Noticed Blork the orc
  4189 | D:5      | HP: 2/56 [something (9)]
  4190 | D:5      | Mangled by Blork the orc

Skill      XL: |  1  2  3  4  5  6  7 |
---------------+----------------------+-----
Short Blades   | 1 2 3 |  3.0
Armour         | 1 2 |  2.7
Dodging        | 2 |  2.6
Fighting       | 1 2 |  2.3
Spellcasting   | 2 |  2.4
Hexes          | 3 |  3.6
Stealth        | 4 |  4.2

Action                   |  1- 3 |  4- 6 |  7- 9 || total
-------------------------+-------+-------+-------++-------
Melee: Dagger            |   108 |   380 |    43 ||   531
 Cast: Corona            |       |     1 |       ||     1
  Use: Potion            |     1 |    13 |     2 ||    16
       Scroll            |       |     1 |     3 ||     4
 Stab: Sleeping          |     3 |     4 |       ||     7
  Eat: Chunk             |    11 |    24 |     2 ||    37
Armor: Robe              |     9 |       |       ||     9
       Ring mail         |    39 |   167 |    13 ||   219
Dodge: Dodged            |    54 |   243 |    28 ||   325
